 Dungeon Crawl Stone Soup version 0.27-a0-29-g2d0a2396b0 (webtiles) character file.

Game seed: 6727305759969406551

108 Sonofthefire the Sneak (level 4, 0/33 HPs)
             Began as an Octopode Delver on Jan 3, 2021.
             Slain by an ogre
             ... wielding a +0 giant club
              (10 damage)
             ... on level 2 of the Dungeon.
             The game lasted 00:02:27 (1573 turns).

Sonofthefire the Sneak (Octopode Delver)            Turns: 1573, Time: 00:02:28

Health: 0/33       AC:  1    Str: 12    XL:     4   Next: 87%
Magic:  4/4        EV: 14    Int: 12    God:
Gold:   63         SH:  0    Dex: 13    Spells: 3/3 levels left

rFire    . . .     SeeInvis .   m - +0 dagger
rCold    . . .     Faith    .   (no shield)
rNeg     . . .     Spirit   .   (helmet restricted)
rPois    .         Reflect  .   (no amulet)
rElec    .         Harm     .   (no ring)
rCorr    .         Rampage  .   (no ring)
Will     .....                  (no ring)
Stlth    ++++......             (no ring)
HPRegen  0.11/turn              (no ring)
MPRegen  0.09/turn              (no ring)
                                (no ring)
                                (no ring)

@: no status effects
A: almost no armour, stealthy swim, amphibious, 8 rings, constrict 8, camouflage
1, gelatinous body 1
a: no special abilities


You were on level 2 of the Dungeon.
You visited 1 branch of the dungeon, and saw 5 of its levels.

You collected 63 gold pieces.

Inventory:

Hand Weapons
 m - a +0 dagger (weapon)
Missiles
 i - 7 curare-tipped darts (quivered)
Wands
 e - a wand of digging (3)
 h - a wand of flame (26)
Scrolls
 a - a scroll of fog
 b - 3 scrolls of magic mapping
 c - a scroll of fear
 j - a scroll of blinking {unknown}
 k - 2 scrolls of identify {unknown}
 l - a scroll of teleportation {unknown}
 n - a scroll of amnesia {unknown}
Potions
 d - a potion of haste
 f - 3 potions of heal wounds {unknown}
 g - a potion of flight {unknown}
 o - a potion of curing {unknown}


   Skills:
 + Level 3.7 Fighting
 + Level 2.9 Dodging
 + Level 7.3 Stealth
 + Level 2.9 Unarmed Combat


You had 3 spell levels left.
You didn't know any spells.
Your spell library was empty.

Dungeon Overview and Level Annotations

Branches:
Dungeon (5/15)
 Temple: D:4-7

Altars:
Yredelemnul


Innate Abilities, Weirdness & Mutations

You cannot wear most types of armour.
You are very stealthy in the water. (Stealth+)
You are amphibious.
You can wear up to eight rings at the same time.
You can use your tentacles to constrict eight enemies at once.
Your skin changes colour to match your surroundings (Stealth+).
Your rubbery body absorbs attacks. (AC +1, EV +1)


Message History

The ogre is moderately wounded.
The kobold throws a stone.
The stone hits you.
The ogre hits you with a +0 giant club!!
Ouch! That really hurt!
You hit the ogre.
The ogre is moderately wounded.
The ogre completely misses you.
You hit the ogre but do no damage. You squeeze the ogre.
The ogre is heavily wounded.
The kobold misses you.
You hit the ogre.
The ogre is heavily wounded.
The ogre completely misses you.
You hit the ogre but do no damage. You squeeze the ogre.
The ogre is heavily wounded.
The kobold barely misses you. The ogre closely misses you.
You hit the ogre but do no damage.
The ogre is heavily wounded.
The kobold barely misses you. The ogre hits you with a +0 giant club!
You die...

#.# #.#..##.#
##.....## #.#
#.##.##.#
##...## #.#
#.......# #+##
..# ####.#### #
..# #.# ####.#
.## #.#
###.....#
#.#####........
#.......K......
#######@#.....
#O# K.. #.# .
#.# #.. ###


You could see an ogre and a kobold.

Vanquished Creatures
  Natasha (D:2)
  An iguana (D:4)
  2 oozes
  2 worms (D:2)
  2 dart slugs (D:1)
  2 leopard geckos (D:1)
  3 bats (D:1)
  A giant cockroach (D:1)
  6 goblins
  5 hobgoblins (D:1)
  3 frilled lizards (D:1)
  5 kobolds (D:1)
  6 rats (D:1)
39 creatures vanquished.

Notes
Turn   | Place    | Note
-------+----------+-------------------------------------------
     0 | D:5      | Sonofthefire the Octopode Delver began the quest for the
                  | Orb.
     0 | D:5      | Reached XP level 1. HP: 16/16 MP: 1/1
    18 | D:5      | Found a basalt altar of Yredelemnul.
    44 | D:4      | Noticed an iguana
    51 | D:4      | Killed an iguana
    52 | D:4      | Reached XP level 2. HP: 12/21 MP: 2/2
    52 | D:4      | Reached XP level 3. HP: 15/26 MP: 3/3
   211 | D:4      | Noticed an ogre
   274 | D:2      | Noticed Natasha
   297 | D:2      | Killed Natasha
   298 | D:2      | Reached skill level 7 in Stealth
   313 | D:2      | Reached XP level 4. HP: 14/31 MP: 4/4
  1565 | D:2      | Noticed an ogre
  1573 | D:2      | Slain by an ogre

Illustrated notes

Levels and vault maps discovered:
D:1:      dpeg_arrival_pond, layout_basic, hex_large
D:2:      layout_loops_corners, uniq_natasha
D:3:      layout_basic, uniq_terence
D:4:      layout_rooms, mrwooster_statue_mirror, vehumet_altar_wand_db,
          uniq_sigmund
D:5:      layout_rooms, nicolae_overflow_crystal_walls, tgw_kikubaaqudgha,
          uniq_pikel, uniq_blork_the_orc

Skill      XL: |  1  2  3 |
---------------+----------+-----
Stealth        | 7 |  7.3
Fighting       | |  3.7
Dodging        | |  2.9
Unarmed Combat | |  2.9

Action                   |  1- 3 |  4- 6 || total
-------------------------+-------+-------++-------
Melee: Unarmed           |    24 |    12 ||    36
       Constrict         |     5 |    15 ||    20
       Tentacles         |     5 |    14 ||    19
       Dagger            |       |    59 ||    59
       Punch             |       |     1 ||     1
 Stab: Sleeping          |     1 |     7 ||     8
Armor: Skin              |       |     5 ||     5
Dodge: Dodged            |    10 |    40 ||    50

Table legend: (Time is in decaauts)
 A = Elapsed time spent in this place.
 B = Non-inter-level travel time spent in this place.
 C = Inter-level travel time spent in this place.
 D = Time resting spent in this place.
 E = Time spent auto-exploring this place.
 F = Levels seen in this place.
 G = Mean time per level.
                   A        B        C        D        E       F      G
               +--------+--------+--------+--------+--------+-----+--------+
         Total |   1570 |   1495 |     75 |    474 |    728 |   5 |  314.0 |
       Dungeon |   1570 |   1495 |     75 |    474 |    728 |   5 |  314.0 |
               +--------+--------+--------+--------+--------+-----+--------+

Top non-repeatable levels by time:
     D:1: 920 daAuts
     D:2: 390 daAuts
     D:4: 183 daAuts
     D:5: 44 daAuts
     D:3: 31 daAuts
